 Dungeon Crawl Stone Soup version 0.30-a0-1053-gbd8d5ba0ad (webtiles) character file.

Game seed: 14682170253805932884

2 Esekla the Sneak (level 1, 16/16 HPs)
             Began as an Octopode Delver on Apr 11, 2023.
             Quit the game on level 5 of the Dungeon.
             The game lasted 00:01:14 (83 turns).

Esekla the Sneak (Octopode Delver)                    Turns: 83, Time: 00:01:14

Health: 16/16      AC:  1    Str: 11    XL:     1   Next: 30%
Magic:  1/1        EV: 13    Int: 12    God:
Gold:   13         SH:  0    Dex: 13    Spells: 0/0 levels left

rFire   . . .      SeeInvis .    a - +0 falchion
rCold   . . .      Faith    .    (no shield)
rNeg    . . .      Spirit   .    (helmet restricted)
rPois   .          Reflect  .    (no amulet)
rElec   .          Rampage  .    (no ring)
rCorr   .                        (no ring)
Will    .....                    (no ring)
Stlth   ++++                     (no ring)
HPRegen 0.22/turn                (no ring)
MPRegen 0.07/turn                (no ring)
                                 (no ring)
                                 (no ring)

@: no status effects
A: almost no armour, amphibious, 8 rings, camouflage 1, gelatinous body 1,
(nimble swimmer 1), tentacles
a: no special abilities


You were on level 5 of the Dungeon.
You visited 1 branch of the dungeon, and saw 1 of its levels.

You collected 13 gold pieces.

Inventory:

Hand Weapons
 a - a +0 falchion (weapon)
Wands
 f - a wand of digging (3)
Scrolls
 b - a scroll of fog
 c - 2 scrolls of noise {unknown}
 d - a scroll of fear
 g - a scroll of identify {unknown}
Potions
 e - a potion of haste
 h - a potion of heal wounds {unknown}


   Skills:
 + Level 3.0 Fighting
 + Level 2.0 Long Blades
 + Level 2.0 Dodging
 + Level 6.7 Stealth


You couldn't memorise any spells.
You didn't know any spells.
Your spell library was empty.

Dungeon Overview and Level Annotations

Branches:
Dungeon (5/15)
 Temple: D:4-7

Altars:

Shops:
D:5 ?


Innate Abilities, Weirdness & Mutations

You cannot wear most types of armour.
You are amphibious.
You can wear up to eight rings at the same time.
Your skin changes colour to match your surroundings (Stealth+).
Your rubbery body absorbs attacks. (AC +1, EV +1)
((You are camouflaged when in or above water. (Stealth+)))
You have tentacles for arms and can constrict up to eight enemies at once.


Message History

Welcome, Esekla the Octopode Delver.
The breathtaking Orb of Zot lies far below, as if waiting for you to find it.
Press ? for a list of commands and other information.
Found a stone staircase leading down.
As you read the scroll of magic mapping, it crumbles to dust.
You feel aware of your surroundings.
You sensed 1 shop/portal.
There is a stone staircase leading down here.
A white imp comes into view.
Found 13 gold pieces.
You now have 13 gold pieces.
A hound comes into view.
Found a book of Decay.
Found a scroll labelled AFAGEFI GOMAMN and a scroll labelled GONENGU SYPI.
Found a scroll labelled AFAGEFI GOMAMN.
Found Ofeduoc's Magic Scroll Boutique.
An orc comes into view. It is wielding a +2 heavy hand axe.
There is an entrance to Ofeduoc's Magic Scroll Boutique here.
You can access your shopping list by pressing '$'.
c - a scroll labelled AFAGEFI GOMAMN
There is an entrance to Ofeduoc's Magic Scroll Boutique here.
You see here a scroll labelled AFAGEFI GOMAMN.
c - 2 scrolls labelled AFAGEFI GOMAMN (gained 1)
A scorpion comes into view.
Found a fuming puce potion.
You see here a scroll labelled GONENGU SYPI.
g - a scroll labelled GONENGU SYPI The orc closely misses you.
You see here a fuming puce potion.
h - a fuming puce potion You slash the orc!
You kill the orc!
Things that are here:
a +2 heavy hand axe; an orc corpse Are you sure you want to abandon this character and quit the game? (Confirm with "yes".)

*,* *,,,,,,,,,,,
*,*##.***,,,,,**
*,,..,>,,,,,**** *,..#***,*,,*
* *...###*,*,,****
*......*,,,,,,*,
###....#...,,,*,*,
#.........,,,,,,,,
#@#..*#..#***,**** ###)#.#*#..#
*,* * *#...#.# #..# *,*
#.###..###..# *,* **********#,*
#.......####.#
*,,,,,,,,,,,###....∩.......#
*,*********#..........#####*
*,*********#.....###.##########
*,*,,,,,,.......:..............


There were no monsters in sight!

Vanquished Creatures
  An orc (D:5)
1 creature vanquished.

Notes
Turn   | Place    | Note
-------+----------+-------------------------------------------
     0 | D:5      | Esekla the Octopode Delver began the quest for the Orb.
     0 | D:5      | Reached XP level 1. HP: 16/16 MP: 1/1
    60 | D:5      | Noticed a hound
    62 | D:5      | Found Ofeduoc's Magic Scroll Boutique.
    70 | D:5      | Noticed a scorpion
    83 | D:5      | Quit the game

Illustrated notes

Levels and vault maps discovered:
D:5:      layout_loops_ring, serial_shops, shop_scrolls

Action                     || total
---------------------------++-------
  Melee: Falchion          ||     1
    Use: Scroll            ||     1
  Dodge: Dodged            ||     1

Table legend: (Time is in decaauts)
 A = Elapsed time spent in this place.
 B = Non-inter-level travel time spent in this place.
 C = Inter-level travel time spent in this place.
 D = Time resting spent in this place.
 E = Time spent auto-exploring this place.
 F = Levels seen in this place.
 G = Mean time per level.
                   A        B        C        D        E       F      G
               +--------+--------+--------+--------+--------+-----+--------+
         Total |     83 |     83 |      0 |      0 |      0 |   1 |   83.0 |
       Dungeon |     83 |     83 |      0 |      0 |      0 |   1 |   83.0 |
               +--------+--------+--------+--------+--------+-----+--------+

Top non-repeatable levels by time:
     D:5: 83 daAuts
